Map: Rhoskallian LE

Players

qqq - Winner!

  • Race: Zerg Zerg
  • Spawn Location: 12:00

Massa - Winner!

  • Race: Terran Terran
  • League: Platinum
  • Spawn Location: 11:00

tOmas

  • Race: Protoss Protoss
  • Spawn Location: 5:00

kimag

  • Race: Zerg Zerg
  • Spawn Location: 6:00

VOD

Have the link to the VOD?

Description

Time

  • Played on: March 8, 2021, 3:16 p.m.
  • Length: 16:23
Show
View Real Time Build Order
Export as new Build Order

qqq Zerg - Winner!

Build Orders: Hatch First 

Get SALT Encoding   

  12  0:01  Drone  
  13  0:09  Drone  
  14  0:18  Overlord  
  14  0:46  Hatchery  
  13  0:50  Drone  
  13  0:55  Drone  
  15  0:58  Drone  
  16  1:16  Spawning Pool  
  16  1:17  Extractor  
  14  1:18  Drone  
  14  1:24  Drone  
  16  1:27  Drone  
  17  1:37  Drone  
  18  1:45  Drone  
  19  1:56  Drone  
  20  2:10  Queen x2  
  20  2:13  Overlord  
  24  2:17  Drone  
  24  2:20  Drone  
  26  2:25  Metabolic Boost  
  26  2:30  Drone  
  27  2:37  Drone  
  27  2:38  Drone  
  29  2:46  Zergling x2, Overlord  
  29  2:48  Zergling x2  
  31  2:52  Extractor  
  31  2:53  Zergling x2  
  31  2:56  Zergling x2  
  32  3:01  Spore Crawler  
  32  3:05  Drone, Spore Crawler  
  31  3:08  Zergling x2  
  32  3:15  Zergling x2  
  32  3:16  Drone  
  34  3:22  Zergling x2  
  35  3:29  Zergling x4  
  35  3:30  Drone, Zergling x4  
  35  3:32  Zergling x2  
  41  3:42  Zergling x2  
  41  3:43  Zergling x2  
  43  3:50  Zergling x2  
  44  4:17  Overlord x4  
  44  4:18  Overlord x2  
  44  4:33  Hatchery  
  44  4:36  Drone x3  
  44  4:38  Zergling x4  
  48  4:40  Drone  
  48  4:43  Drone  
  50  4:57  Queen  
  50  4:59  Zergling x8  
  56  5:10  Zergling x2  
  56  5:11  Drone x2, Zergling x4  
  56  5:12  Zergling x2  
  61  5:19  Zergling x6  
  61  5:20  Zergling x2  
  63  5:35  Zergling x4  
  61  5:39  Zergling x2  
  61  5:40  Zergling x2  
  61  5:42  Evolution Chamber  
  56  5:47  Drone, Zergling x8  
  56  5:48  Drone, Zergling x2  
  62  6:00  Zergling x6  
  59  6:15  Zergling x14  
  59  6:16  Zergling x2  
  59  6:26  Zergling x8  
  59  6:27  Zergling x2  
  59  6:31  Zergling x2  
  59  6:32  Queen  
  64  6:38  Zerg Melee Weapons Level 1  
  64  6:42  Drone  
  64  6:43  Zergling x4  
  66  6:54  Zergling x4  
  66  6:55  Zergling x2  
  66  6:57  Hatchery  
  64  7:01  Zergling x6  
  64  7:05  Lair  
  52  7:17  Drone, Zergling x6  
  52  7:18  Zergling x8  
  59  7:24  Drone, Zergling x2  
  55  7:46  Extractor x2  
  55  7:47  Drone  
  55  7:48  Drone x2, Zergling x6  
  59  8:02  Extractor  
  59  8:04  Spire  
  57  8:10  Drone  
  57  8:11  Drone x4, Zergling x2  
  57  8:12  Hatchery, Zergling x2  
  63  8:20  Extractor, Spine Crawler  
  63  8:24  Drone x2, Overlord x2  
  63  8:25  Drone  
  64  8:28  Drone x2  
  66  8:38  Drone x4, Spore Crawler  
  66  8:39  Drone x2  
  69  9:25  Zerg Flyer Armor Level 1  
  69  9:32  Extractor  
  69  9:33  Corruptor x7  
  69  9:34  Corruptor x3  
  88  9:38  Mutalisk  
  90  9:52  Drone x5  
  95  9:57  Overlord x3  
  95  10:06  Spire  
  90  10:17  Corruptor  
  90  10:18  Corruptor  
  89  10:25  Corruptor  
  89  10:26  Corruptor  
  89  10:28  Drone  
  94  10:29  Drone  
  94  10:32  Drone  
  94  10:33  Drone  
  97  10:52  Drone x2  
  97  10:53  Drone x4, Corruptor  
  105  11:00  Spore Crawler, Corruptor  
  105  11:02  Corruptor  
  108  11:06  Corruptor  
  110  11:12  Corruptor  
  110  11:17  Corruptor  
  114  11:19  Zerg Flyer Weapons Level 1  
  114  11:20  Zergling x4  
  114  11:22  Drone x2  
  118  11:36  Overlord x5  
  118  11:38  Overlord  
  118  11:55  Drone x4  
  118  11:56  Drone x2  
  124  12:08  Mutalisk x4  
  118  12:09  Mutalisk x2  
  126  12:16  Hatchery  
  117  12:30  Mutalisk  
  117  12:31  Mutalisk x7  
  117  12:51  Mutalisk x2  
  117  12:52  Mutalisk, Corruptor x2  
  117  12:54  Overlord x4  
  127  13:05  Zerg Flyer Armor Level 2  
  127  13:06  Drone  
  127  13:07  Drone x4  
  127  13:08  Drone  
  133  13:18  Drone, Mutalisk x2  
  138  13:20  Zergling x2  
  139  13:31  Drone  
  139  13:32  Drone x4  
  139  13:33  Infestation Pit  
  143  13:35  Extractor, Spine Crawler  
  143  13:37  Spine Crawler  
  143  13:40  Queen  
  143  13:41  Drone x2  
  144  13:42  Extractor  
  144  13:43  Corruptor x2  
  144  13:44  Extractor  
  146  13:48  Zerg Flyer Weapons Level 2  
  146  13:59  Zergling x6  
  146  14:00  Zergling x8  
  98  14:39  Corruptor x7  
  98  14:40  Corruptor  
  98  14:41  Zergling x6  
  98  14:42  Zergling x10  
  120  14:47  Corruptor  
  120  14:49  Corruptor  
  122  14:53  Mutalisk  
  122  14:55  Zergling x8  
  122  14:56  Drone x2  
  129  15:14  Extractor  
  129  15:17  Corruptor x2  
  129  15:18  Corruptor x2  
  129  15:19  Mutalisk  
  136  15:41  Corruptor x5  
Show
View Real Time Build Order
Export as new Build Order

Massa Terran - Winner!

Build Orders: 2 Factory 

Get SALT Encoding   

  12  0:00  SCV  
  13  0:12  SCV  
  14  0:22  Supply Depot  
  14  0:24  SCV  
  15  0:44  SCV  
  15  0:45  Barracks  
  16  0:50  Refinery  
  16  0:56  SCV  
  17  1:08  SCV  
  18  1:20  SCV  
  19  1:32  SCV  
  20  1:40  Command Center  
  20  1:45  Marine  
  21  1:47  Orbital Command  
  21  2:09  Supply Depot  
  21  2:14  Factory  
  21  2:17  SCV  
  22  2:29  Marine  
  23  2:34  Supply Depot  
  23  2:38  Factory  
  23  2:41  SCV  
  24  2:51  Barracks Tech Lab  
  24  2:53  SCV  
  24  2:56  Orbital Command  
  25  3:05  SCV  
  26  3:18  Barracks Reactor  
  26  3:21  Refinery  
  26  3:23  SCV x2  
  26  3:25  Refinery  
  28  3:33  Hellion  
  33  3:34  Cyclone  
  33  3:35  SCV x2  
  35  3:42  Supply Depot  
  35  3:47  SCV x2  
  37  3:52  Engineering Bay  
  37  3:59  SCV x2  
  38  4:25  Missile Turret  
  38  4:26  Widow Mine x2  
  38  4:27  Cyclone  
  45  4:31  Barracks Tech Lab  
  45  4:34  SCV x2  
  45  4:38  Mag-Field Accelerator  
  47  4:46  SCV x2, Missile Turret  
  49  4:54  Barracks  
  49  4:55  Barracks  
  49  4:59  Cyclone  
  52  5:20  Widow Mine x2  
  56  5:31  Cyclone  
  59  5:41  Widow Mine  
  61  6:14  Cyclone  
  58  6:46  Cyclone  
  55  7:19  Cyclone  
  55  7:21  Cyclone  
  55  7:22  SCV  
  62  7:31  Supply Depot  
  62  7:32  Supply Depot x2  
  62  7:33  Supply Depot x2  
  62  7:36  SCV x2  
  56  7:48  SCV x2  
  56  7:51  Cyclone  
  59  7:53  Cyclone, Command Center  
  59  7:56  Supply Depot x2  
  62  8:00  SCV x2  
  62  8:13  SCV x2  
  62  8:17  Marine  
  62  8:18  Marine  
  66  8:21  Barracks  
  66  8:22  Barracks  
  66  8:23  Cyclone  
  66  8:25  SCV  
  70  8:27  Barracks Reactor, Barracks Tech Lab  
  70  8:35  Marine  
  70  8:36  SCV, Marine  
  70  8:37  SCV  
  74  8:41  Terran Infantry Weapons Level 1  
  74  8:45  Engineering Bay  
  74  8:48  Armory  
  74  8:49  SCV  
  74  8:51  SCV  
  74  8:53  Marine x2  
  78  8:57  Refinery  
  78  8:58  Stimpack  
  78  9:01  SCV  
  79  9:03  SCV, Marauder  
  79  9:05  Marine x2  
  84  9:11  Marine x2  
  84  9:13  SCV  
  87  9:22  Marine  
  88  9:24  Marauder  
  90  9:47  Cyclone  
  90  9:48  Cyclone  
  87  10:19  Thor  
  87  10:20  Cyclone, Marine  
  97  10:21  Marine x6  
  103  10:38  SCV x2, Marine  
  103  10:39  Orbital Command, Marine x4  
  103  10:40  Marauder  
  112  10:46  Refinery x2  
  112  10:50  SCV x2, Barracks, Barracks Tech Lab  
  112  10:51  Thor  
  112  10:53  Barracks x2  
  112  10:56  Marine  
  112  10:57  Marine x3  
  121  10:59  Terran Infantry Weapons Level 2  
  121  11:00  Terran Infantry Armor Level 1  
  121  11:02  SCV x2  
  127  11:05  Barracks Tech Lab  
  127  11:07  Combat Shield  
  126  11:14  SCV  
  127  11:47  Thor  
  133  12:07  Thor  
  130  12:15  Marauder x2, Marine x2  
  132  12:22  Barracks Reactor x2, Barracks Tech Lab  
  133  12:26  Concussive Shells  
  133  12:32  Supply Depot  
  133  12:34  Supply Depot x2  
  133  12:36  Supply Depot  
  133  12:37  Supply Depot  
  133  12:38  Supply Depot  
  133  12:39  Supply Depot x2  
  133  12:40  Supply Depot  
  133  12:41  Supply Depot  
  133  12:54  Marine x2, Thor  
  133  12:55  Marine x5, Thor  
  133  12:56  Marauder, Supply Depot  
  133  12:57  Supply Depot  
  154  13:00  Supply Depot  
  154  13:01  Supply Depot  
  154  13:02  Supply Depot  
  154  13:03  Supply Depot  
  154  13:04  Supply Depot  
  154  13:06  Supply Depot  
  154  13:08  Supply Depot  
  154  13:12  Marauder, Marine  
  154  13:13  Marine x3  
  154  13:14  Marauder  
  154  13:18  Marauder, Marine x5  
  166  13:21  Starport  
  166  13:22  Starport  
  166  13:28  SCV x3  
  166  13:29  Marine  
  166  13:31  Marauder, Marine x2  
  166  13:33  Marauder  
  176  13:35  Marauder, Marine  
  176  13:36  Marine x4  
  176  13:37  Thor  
  176  13:38  Marine  
  176  13:40  SCV  
  176  13:41  SCV x2  
  193  13:43  Smart Servos  
  193  13:45  Drilling Claws  
  193  13:47  Terran Vehicle And Ship Armor Level 1, Marine  
  193  13:48  Terran Infantry Armor Level 2, Command Center  
  194  13:49  Marine  
  194  13:52  SCV  
  194  13:53  SCV x2  
  194  13:54  Armory  
  198  14:04  SCV  
  198  14:05  SCV  
  180  14:44  Medivac x2  
  119  15:14  Medivac x2  
  122  15:22  SCV x3  
  122  15:24  Planetary Fortress  
  112  15:34  SCV x2  
  112  15:35  SCV  
  108  15:36  Marauder x4  
  108  15:37  Marine x5  
  108  15:38  Marine x3  
  119  15:44  Medivac x2  
  113  15:55  Marine x6  
  119  15:57  Marauder  
  119  15:58  Marauder x3  
Show
View Real Time Build Order
Export as new Build Order

tOmas Protoss 

Build Orders: Oracle Opening, Carriers 

Get SALT Encoding   

  12  0:01  Probe  
  13  0:13  Probe  
  14  0:21  Pylon  
  14  0:25  Probe  
  15  0:39  Probe (Chrono Boost)  
  15  0:41  Gateway  
  16  0:51  Probe (Chrono Boost)  
  16  0:53  Assimilator  
  17  0:58  Probe (Chrono Boost)  
  17  1:00  Assimilator  
  18  1:06  Probe  
  19  1:18  Probe  
  20  1:29  Assimilator  
  20  1:30  Probe (Chrono Boost)  
  20  1:31  Cybernetics Core  
  21  1:34  Pylon  
  21  1:42  Probe (Chrono Boost)  
  22  1:49  Probe (Chrono Boost)  
  23  1:57  Probe  
  24  2:09  Probe  
  24  2:11  Adept  
  27  2:25  Stargate  
  27  2:35  Probe  
  28  2:44  Nexus  
  28  2:48  Pylon  
  28  2:55  Probe  
  29  2:59  Pylon  
  29  3:06  Oracle (Chrono Boost)  
  29  3:07  Probe  
  33  3:20  Probe  
  33  3:21  Assimilator  
  34  3:30  Void Ray, Warp Gate  
  34  3:33  Probe (Chrono Boost)  
  39  3:45  Probe (Chrono Boost)  
  40  3:53  Probe (Chrono Boost)  
  41  3:59  Probe  
  42  4:16  Probe  
  42  4:17  Probe  
  41  4:20  Fleet Beacon  
  41  4:33  Stargate  
  41  4:35  Probe x2  
  41  4:36  Assimilator  
  43  4:47  Probe  
  43  4:51  Probe  
  43  4:52  Void Ray (Chrono Boost)  
  50  5:00  Probe  
  50  5:03  Probe  
  50  5:05  Pylon  
  51  5:12  Probe  
  51  5:14  Pylon  
  48  5:21  Void Ray (Chrono Boost)  
  52  5:23  Pylon  
  52  5:27  Void Ray (Chrono Boost)  
  52  5:29  Pylon  
  56  5:36  Zealot  
  56  5:37  Probe x2  
  60  5:43  Gateway  
  60  5:49  Probe  
  55  5:51  Gateway  
  55  5:52  Gateway  
  53  6:03  Zealot  
  55  6:19  Carrier (Chrono Boost)  
  61  6:26  Zealot  
  59  6:49  Zealot x4  
  66  6:54  Cybernetics Core  
  66  7:03  Nexus  
  66  7:05  Pylon  
  66  7:19  Carrier  
  72  7:25  Zealot x4  
  80  7:32  Twilight Council  
  68  7:50  Zealot x2  
  68  7:51  Zealot x2  
  76  7:53  Protoss Air Weapons Level 1  
  76  7:56  Probe x2  
  78  7:59  Assimilator  
  78  8:03  Assimilator  
  76  8:12  Charge  
  76  8:13  Stargate  
  76  8:16  Pylon  
  76  8:24  Probe x3  
  79  8:33  Zealot x4  
  87  8:36  Probe  
  87  8:40  Forge  
  88  8:43  Forge  
  88  8:45  Stargate  
  88  8:46  Probe x2  
  88  8:48  Stargate  
  90  8:56  Pylon  
  90  8:58  Tempest  
  95  9:03  Tempest  
  100  9:16  Zealot x2  
  100  9:17  Zealot  
  105  9:26  Protoss Ground Weapons Level 1 (Chrono Boost)  
  105  9:32  Tempest  
  105  9:34  Protoss Shields Level 1 (Chrono Boost)  
  110  9:39  Tempest  
  115  9:47  Tempest  
  115  9:50  Probe x2  
  115  9:51  Probe  
  121  10:10  Unknown  
  121  10:12  Tempest  
  120  10:14  Tempest  
  125  10:29  Nexus  
  125  10:35  Pylon  
  125  10:36  Pylon  
  125  10:37  Pylon  
  125  10:39  Pylon  
  125  10:53  Probe x3  
  128  10:58  Protoss Air Weapons Level 2 (Chrono Boost)  
  128  11:00  Tempest  
  128  11:03  Carrier  
  137  11:15  Carrier  
  143  11:21  Carrier  
  149  11:28  Zealot x2  
  149  11:29  Zealot  
  153  11:41  Protoss Shields Level 2 (Chrono Boost), Zealot  
  153  11:44  Protoss Ground Armor Level 1  
  153  11:47  Probe x3  
  158  12:05  Probe  
  158  12:07  Nexus  
  151  12:23  Void Ray x2  
  151  12:24  Void Ray  
  151  12:26  Stalker  
  151  12:27  Stalker x3  
  143  12:51  Stalker x2  
  133  12:52  Stalker x2  
  128  13:01  Probe x3  
  131  13:07  Nexus  
  131  13:17  Pylon  
  131  13:22  Templar Archives  
  131  13:24  Gateway  
  131  13:26  Void Ray x3  
  136  13:28  Void Ray  
  142  13:45  Pylon  
  142  13:49  Pylon  
  142  13:50  Zealot x4  
  150  14:12  Carrier (Chrono Boost)  
  144  14:28  Stalker x2  
  144  14:29  Stalker x2  
  107  14:48  Zealot  
  105  14:58  Zealot x2  
  105  14:59  Zealot x2  
  91  15:10  Tempest x2 (Chrono Boost), Zealot  
  91  15:13  Tempest (Chrono Boost)  
  98  15:20  Tempest (Chrono Boost)  
  85  15:33  Zealot  
  85  15:34  Pylon  
  75  15:46  Pylon  
  75  15:47  Pylon  
  79  15:55  Stalker  
  66  16:03  Stalker  
Show
View Real Time Build Order
Export as new Build Order

kimag Zerg 

Build Orders: Hatch First 

Get SALT Encoding   

  12  0:00  Drone  
  13  0:09  Drone  
  14  0:17  Extractor  
  14  0:18  Drone  
  15  0:43  Overlord  
  15  0:50  Hatchery  
  15  0:56  Overlord  
  14  1:10  Drone x3  
  18  1:24  Drone  
  19  1:27  Spawning Pool  
  18  1:32  Drone  
  19  1:42  Extractor  
  19  1:44  Drone  
  19  1:53  Hatchery  
  18  2:00  Hatchery  
  17  2:09  Drone x2  
  19  2:16  Zergling x2  
  19  2:21  Queen  
  22  2:34  Overlord  
  22  2:42  Extractor  
  22  2:44  Drone  
  22  2:49  Overlord  
  22  3:01  Drone  
  23  3:08  Drone  
  24  3:13  Drone x2, Queen  
  24  3:18  Drone  
  29  3:20  Drone  
  29  3:23  Drone  
  31  3:28  Drone  
  31  3:30  Metabolic Boost  
  31  3:33  Drone  
  33  3:36  Drone  
  34  3:44  Drone  
  34  3:45  Drone x2  
  37  3:51  Spore Crawler  
  36  3:56  Queen  
  36  4:02  Drone x2  
  40  4:03  Drone  
  41  4:12  Drone  
  42  4:19  Drone x3  
  42  4:21  Drone  
  42  4:23  Roach Warren  
  45  4:28  Lair  
  45  4:36  Drone x3  
  48  4:40  Drone x2  
  48  4:41  Overlord  
  48  4:44  Overlord  
  50  4:48  Extractor x2  
  50  4:50  Extractor x2  
  46  4:54  Spore Crawler  
  46  4:58  Zergling x8  
  49  5:03  Roach x2  
  53  5:12  Spine Crawler  
  52  5:14  Spine Crawler  
  52  5:15  Drone x3  
  52  5:20  Roach  
  51  5:40  Roach x5  
  51  5:41  Overlord  
  51  5:42  Overlord x2  
  53  5:50  Roach  
  53  5:51  Roach  
  53  5:55  Roach  
  53  5:56  Roach  
  46  6:07  Roach x5  
  46  6:09  Zergling x2  
  51  6:22  Roach  
  51  6:23  Zergling x2  
  51  6:58  Roach x4  
  56  7:02  Roach  
  56  7:03  Roach x3  
  60  7:24  Drone x2  
  60  7:26  Drone x3  
  65  7:33  Drone  
  65  7:47  Drone  
  65  7:48  Drone x2, Queen  
  70  7:52  Ravager x5  
  75  8:01  Drone  
  75  8:05  Overlord x2  
  76  8:15  Overlord x2  
  76  8:29  Queen  
  76  8:31  Drone x3  
  81  8:43  Drone x2  
  81  8:48  Drone  
  84  8:56  Drone x2, Evolution Chamber x2  
  84  9:04  Ravager x2  
  84  9:05  Ravager  
  87  9:13  Overlord x4  
  87  9:19  Zergling x4  
  89  9:28  Drone  
  90  9:31  Zerg Missile Weapons Level 1  
  87  9:47  Zergling x10  
  92  9:59  Zergling x4  
  94  10:09  Zergling x4  
  94  10:11  Zerg Melee Weapons Level 1  
  96  10:18  Drone x2  
  96  10:21  Ravager x2  
  100  10:24  Overlord  
  100  10:34  Hydralisk Den  
  99  10:43  Drone  
  99  10:44  Drone x7  
  107  11:01  Roach x2  
  111  11:05  Hydralisk x2, Grooved Spines  
  111  11:07  Hatchery  
  111  11:08  Ravager  
  113  11:33  Drone x2, Hydralisk x4  
  113  11:35  Drone  
  113  11:37  Overlord  
  124  11:41  Glial Reconstitution  
  124  12:02  Hatchery  
  124  12:04  Drone x4  
  124  12:05  Drone x4  
  131  12:12  Zerg Melee Weapons Level 2  
  131  12:13  Zerg Missile Weapons Level 2  
  131  12:35  Overlord x7  
  131  12:55  Drone x2, Overlord x5  
  133  13:06  Spire  
  132  13:29  Drone x4  
  132  13:31  Hatchery  
  132  13:33  Drone x2, Hydralisk, Overlord  
  139  13:44  Hydralisk  
  139  13:45  Hydralisk x2  
  145  13:50  Drone  
  145  13:52  Muscular Augments  
  146  13:56  Pneumatized Carapace  
  146  14:00  Spore Crawler  
  145  14:03  Spine Crawler  
  145  14:04  Spine Crawler  
  143  14:19  Hydralisk x4  
  143  14:20  Hydralisk  
  146  14:29  Zerg Ground Armor Level 1  
  107  14:32  Zergling x14  
  106  14:43  Drone x2  
  106  14:44  Drone  
  80  14:52  Hydralisk  
  80  14:54  Zergling x2  
  72  15:00  Hydralisk  
  72  15:05  Hydralisk x3  
  72  15:06  Spine Crawler x3  
  69  15:15  Corruptor x2  
  69  15:20  Zergling x2  
  69  15:21  Zergling x10  
  70  15:41  Zergling x8  
  70  15:42  Zergling x2  
  61  15:46  Zergling x2  
  61  15:47  Zergling x2  
  47  15:59  Drone x3  
  48  16:10  Drone  
Tags
 
Add a new tag
Caveats
  • Supply blocks, unpowered buildings, or Contaminate may cause inaccurate times.
  • Supply counts are checked every 10 seconds.